 Dungeon Crawl Stone Soup version 0.22-a0-460-g49b1da7 (webtiles) character file.

271 DrEnzyme the Skirmisher (level 6, -10/44 HPs)
             Began as an Octopode Wanderer on June 9, 2018.
             Mangled by Crazy Yiuf
             ... wielding a +3 quarterstaff of chaos
              (16 damage)
             ... on level 2 of the Dungeon.
             The game lasted 00:11:41 (4816 turns).

DrEnzyme the Skirmisher (Octopode Wanderer)         Turns: 4816, Time: 00:11:41

Health: -10/44     AC:  1    Str: 12    XL:     6   Next: 23%
Magic:  6/6        EV: 13    Int: 15    God:
Gold:   185        SH:  0    Dex: 12    Spells: 5/5 levels left

rFire    . . .     SeeInvis +   a - +2 mace
rCold    . . .     Gourm    .   (no shield)
rNeg     . . .     Faith    .   (helmet restricted)
rPois    .         Spirit   .   (no amulet)
rElec    .         Reflect  .   q - ring of wizardry
rCorr    .         Harm     .   t - ring of see invisible
MR       .....                  (no ring)
Stlth    ++........             (no ring)
HPRegen  0.14/turn              (no ring)
MPRegen  0.10/turn              (no ring)
                                (no ring)
                                (no ring)

@: no status effects
A: almost no armour, stealthy swim, amphibious, 8 rings, constrict 8, camouflage
1, gelatinous body 1
a: no special abilities


You were on level 2 of the Dungeon.
You were not hungry.

You visited 1 branch of the dungeon, and saw 4 of its levels.

You collected 185 gold pieces.

Inventory:

Hand Weapons
 a - a +2 mace (weapon)
 b - a +0 shortbow
 n - a +0 dagger of venom
Missiles
 c - 70 arrows
 g - 157 stones (quivered)
 k - 46 sling bullets
Armour
 m - a cursed +0 buckler
 x - a +0 large shield
Jewellery
 o - an uncursed ring of fire
 q - a ring of wizardry (left tentacle)
 t - a ring of see invisible (right tentacle)
Wands
 v - a wand of disintegration (5)
Scrolls
 h - 2 scrolls of teleportation
 i - a scroll of identify
 p - a scroll of fog {unknown}
 w - a scroll of fear {unknown}
 y - a scroll of random uselessness {unknown}
Potions
 e - a potion of haste {unknown}
 j - 3 potions of might
 l - a potion of invisibility {unknown}
 r - a potion of flight {unknown}
 s - a potion of agility
 u - a potion of resistance {unknown}
Comestibles
 d - a chunk of flesh
 f - 3 rations


   Skills:
 + Level 4.6 Fighting
 + Level 4.0 Maces & Flails
 - Level 1.0 Throwing
 - Level 1.2 Dodging
 + Level 3.0 Shields
   Level 2.0 Hexes
   Level 1.0 Fire Magic


You had 5 spell levels left.
You didn't know any spells.
Your spell library was empty.

Dungeon Overview and Level Annotations

Branches:
Dungeon (4/15)             Temple (0/1) D:4

Altars:
Makhleb
Nemelex Xobeh
Ru
Zin

Annotations:
D:2 exclusions: adder and downstairs, Crazy Yiuf, Sigmund
D:3 2 exclusions


Innate Abilities, Weirdness & Mutations

You cannot wear most types of armour.
You are very stealthy in the water. (Stealth+)
You are amphibious.
You can wear up to eight rings at the same time.
You can use your tentacles to constrict eight enemies at once.
Your skin changes colour to match your surroundings (Stealth+).
Your rubbery body absorbs attacks. (AC +1, EV +1)


Message History

Crazy Yiuf drinks a potion.
Crazy Yiuf suddenly seems more agile.
There is an open door here.
You hit Crazy Yiuf. You grab Crazy Yiuf. You squeeze Crazy Yiuf.
Crazy Yiuf is moderately wounded.
You constrict Crazy Yiuf.
Crazy Yiuf says, "East broken pizzabubble!"
Crazy Yiuf zaps a wand.
You resist with some effort.
It is a wand of polymorph (12).
You hit Crazy Yiuf.
Crazy Yiuf is heavily wounded.
You constrict Crazy Yiuf, but do no damage.
Crazy Yiuf whimpers, "Line cloud action!"
Crazy Yiuf hits you with a quarterstaff of chaos!
You are electrocuted!
* * * LOW HITPOINT WARNING * * *
You hit Crazy Yiuf but do no damage.
Crazy Yiuf is heavily wounded.
You constrict Crazy Yiuf.
Crazy Yiuf hits you with a quarterstaff of chaos!
You die...

.# #......# ♣....♣
.# #.###### ♣♣...♣
.## #.# ♣♣.♣♣ ..#
#.# ♣♣.♣ #.# #.#
♣.♣♣ #.###.# ♣♣.♣
......# ♣.♣♣
#..##.###### ##'##
#..##......# #.@.#
..........## #.g.#
##..##.##.# #)..#
.......##.# #####
######## ....#####.#
#......#
###.......##########
######.# #
#####.#..........#
#.# # #...#.#####.##
#.### #
#...#.......# #...#


You could see Crazy Yiuf.

Vanquished Creatures
  A howler monkey (D:4)
  A hound (D:4)
  An orc wizard (D:3)
  A worker ant (D:4)
  Robin (D:4)
  5 adders
  An ooze (D:4)
  A worm (D:2)
  13 orcs
  A giant cockroach (D:2)
  13 goblins
  8 hobgoblins
  7 jackals
  7 kobolds
  3 quokkas
  4 bats
  3 frilled lizards
  6 rats
77 creatures vanquished.

Notes
Turn   | Place    | Note
-------+----------+-------------------------------------------
     0 | D:1      | DrEnzyme the Octopode Wanderer began the quest for the Orb.
     0 | D:1      | DrEnzyme set off with: a +2 mace, a +0 shortbow, 24 arrows, a potion of curing, a ration
     0 | D:1      | Reached XP level 1. HP: 16/16 MP: 1/1
   278 | D:1      | Reached XP level 2. HP: 21/21 MP: 2/2
   389 | D:1      | Reached skill level 1 in Dodging
   774 | D:2      | Reached XP level 3. HP: 25/26 MP: 3/3
   999 | D:2      | Noticed Sigmund
  1066 | D:2      | Found a faded altar of an unknown god.
  1417 | D:2      | Found a sparkling altar of Nemelex Xobeh.
  1600 | D:2      | Found a runed door.
  2166 | D:3      | Reached XP level 4. HP: 28/32 MP: 4/4
  2170 | D:3      | Found a glowing silver altar of Zin.
  2389 | D:3      | Found a sacrificial altar of Ru.
  3184 | D:4      | Noticed Robin
  3602 | D:4      | Reached XP level 5. HP: 29/37 MP: 5/5
  4200 | D:4      | Killed Robin
  4412 | D:4      | Found a staircase to the Ecumenical Temple.
  4535 | D:4      | Found a burning altar of Makhleb.
  4540 | D:4      | Reached XP level 6. HP: 40/44 MP: 6/6
  4811 | D:2      | Noticed Crazy Yiuf
  4816 | D:2      | Mangled by Crazy Yiuf

Vault maps used:
D:1:      nicolae_arrival_memento_mori
D:2:      overflow_temple_1_default, chequers_ecumenical_altar_island,
          uniq_sigmund, uniq_crazy_yiuf_cottage
D:3:      nicolae_overflow_hidden_temple, old_standard_altar
D:4:      minmay_temple_entry_large_hall, makhleb_heckhound_becter, uniq_robin

Skill      XL: |  1  2  3  4  5  6 |
---------------+-------------------+-----
Dodging        | 1 |  1.2
Maces & Flails | 3 4 |  4.0
Shields        | 2 3 |  3.0
Fighting       | 4 |  4.6
Throwing       | |  1.0
Hexes          | |  2.0
Fire Magic     | |  1.0

Action                   |  1- 3 |  4- 6 || total
-------------------------+-------+-------++-------
Melee: Mace              |    62 |   115 ||   177
       Constrict         |    14 |    25 ||    39
       Tentacles         |     7 |    12 ||    19
Throw: Stone             |       |     4 ||     4
  Use: Scroll            |     5 |     2 ||     7
       Potion            |       |     2 ||     2
 Stab: Sleeping          |     6 |     1 ||     7
  Eat: Chunk             |     4 |     8 ||    12
Armor: Skin              |    11 |    12 ||    23
Dodge: Dodged            |    42 |    88 ||   130

Table legend:
 A = Spawn XP
 B = Non-spawn XP
 C = Spawn XP percentage of total XP
 D = Spawn monster count
 E = Non-spawn monster count
 F = Spawn count percentage of total count
 G = Total turns spent on level
                    A         B        C        D         E        F      G
               +---------+---------+-------+---------+---------+-------+---------
         Total |       0 |     388 |   0.0 |       0 |      77 |   0.0 |  4816
               +---------+---------+-------+---------+---------+-------+---------
           D:1 |       0 |      25 |   0.0 |       0 |      15 |   0.0 |   724
           D:2 |       0 |      34 |   0.0 |       0 |      13 |   0.0 |  1176
           D:3 |       0 |      94 |   0.0 |       0 |      16 |   0.0 |  1414
           D:4 |       0 |     235 |   0.0 |       0 |      33 |   0.0 |  1502
               +---------+---------+-------+---------+---------+-------+---------
